 Dungeon Crawl Stone Soup version 0.19-a0-1626-g5215c36 (webtiles) character file.

12 jacquesderrida the Charmwright (level 2, 0/15 HPs)
             Began as a Vine Stalker Skald on Sept 18, 2016.
             Hit by a goblin thrown by Robin (1 damage)
             ... on level 1 of the Dungeon.
             The game lasted 00:00:39 (183 turns).

jacquesderrida the Charmwright (Vine Stalker Skald)  Turns: 183, Time: 00:00:40

Health: 0/15       AC:  3    Str: 14    XL:     2   Next: 33%
Magic:  0/6        EV: 11    Int: 12    God:
Gold:   85         SH:  0    Dex: 13    Spells: 1 memorised, 4 levels left

rFire  . . .     SeeInvis .     a - +0 falchion
rCold  . . .     Gourm    .     b - +0 leather armour
rNeg   . . .     Faith    .     (no shield)
rPois  .         Spirit   +     (no helmet)
rElec  .         Dismiss  .     (no cloak)
rCorr  .         Reflect  .     (no gloves)
MR     .....     Harm     .     (no boots)
Stlth  +.........               (no amulet)
                                (no ring)
                                (no ring)

@: no status effects
A: fangs 2, magic shield, antimagic bite, no device heal 3, rot immunity
a: no special abilities


You were on level 1 of the Dungeon.
You were not hungry.

You visited 1 branch of the dungeon, and saw 2 of its levels.

You collected 85 gold pieces.

Inventory:

Hand Weapons
 a - a +0 falchion (weapon)
Armour
 b - a +0 leather armour (worn)
Scrolls
 e - 2 scrolls of identify {unknown}
Potions
 h - 2 potions of curing
 i - a potion of cancellation {unknown}
Books
 c - a book of Battle

   Spells                             Type                      Level
   a - Infusion                       Charms                       1
   b - Shroud of Golubria             Charms/Translocation         2
   c - Song of Slaying                Charms                       2
   d - Spectral Weapon                Hexes/Charms                 3
   e - Regeneration                   Charms/Necromancy            3
Comestibles
 d - a bread ration
 g - 2 meat rations


   Skills:
 - Level 1.7 Fighting
 + Level 2.6 Long Blades
 - Level 0.7 Armour
 - Level 0.7 Dodging
 - Level 2.1 Spellcasting
 - Level 3.0 Charms


You had 4 spell levels left.
You knew the following spells:

 Your Spells              Type           Power        Failure   Level  Hunger
a - Infusion              Chrm           #...         12%         1    ##.....


Dungeon Overview and Level Annotations

Branches:
Dungeon (2/15)

Altars:

Annotations:
D:1 Robin


Innate Abilities, Weirdness & Mutations

You have extremely sharp teeth.
When hurt, damage is shared between your health and your magic reserves.
Your bite disrupts and absorbs the magic of your enemies.
Potions and wands cannot restore your health.
You are immune to rotting.


Message History

* * * LOW HITPOINT WARNING * * *
You climb upwards.
There is a stone staircase leading down here.
Unknown command.
The hobgoblin hits you.
* * * LOW HITPOINT WARNING * * *
The goblin closely misses you. The hobgoblin hits you with a club.
* * * LOW HITPOINT WARNING * * *
The hobgoblin hits you but does no damage.
Robin throws the goblin at you!
Robin roars a battlecry!
The goblins go into a battle-frenzy!
It was a potion of heal wounds.
That seemed strangely inert.
The goblin barely misses you.
You riposte.
You slash the goblin!
You kill the goblin!
It was a potion of curing.
That felt strangely inert.
The hobgoblin closely misses you.
You riposte.
You completely miss the hobgoblin. Robin throws the goblin at you!
You die...

#..............................
##............##########........
................................
#..............................
#............###........##....
##........##...#..........##...
#..>.......##.............##...
#..........##.g#..........##...
#..........###@#..........##...
#..........# #g#..........##...
#..........# #g#.>.......####..
##........####gg.........# #..
##.......#...............###.#
##........)...>.........#....
#.......................#....
#.......................#....
..........................#####


You could see Robin, 2 hobgoblins and 2 goblins.

Vanquished Creatures
  An ooze (D:1)
  A leopard gecko (D:1)
  3 goblins (D:1)
  2 rats (D:1)
7 creatures vanquished.

Notes
Turn   | Place    | Note
-------+----------+-------------------------------------------
     0 | D:1      | jacquesderrida the Vine Stalker Skald began the quest for the Orb.
     0 | D:1      | Reached XP level 1. HP: 11/11 MP: 4/4
    22 | D:1      | Reached XP level 2. HP: 3/15 MP: 6/6
   173 | D:2      | Noticed Robin
   183 | D:1      | Hit by a goblin thrown by Robin

Vault maps used:
D:1:      dpeg_arrival_refuge
D:2:      dk_vineyard_3, minmay_large_rounded_square, minmay_tripent, uniq_iyjb,
          uniq_robin

Skill      XL: |  1 |
---------------+----+-----
Long Blades    | 2 |  2.6
Fighting       | |  1.7
Armour         | |  0.7
Dodging        | |  0.7
Spellcasting   | |  2.1
Charms         | |  3.0

Action                   || total
-------------------------++-------
Melee: Falchion          ||    22
       Bite              ||     4
  Use: Potion            ||     2
Armor: Leather armour    ||     7
Dodge: Dodged            ||    11
